 Dungeon Crawl Stone Soup version 0.18.1-8-gdd0e5ea (console) character file.

169165 Kloppie the Merfolkian Porcupine (level 17, -5/146 HPs)
             Began as a Merfolk Berserker on June 12, 2016.
             Was the Champion of Trog.
             Blown up by an orb spider (45 damage)
             ... with an orb of destruction
             ... on level 2 of the Spider Nest.
             The game lasted 00:52:47 (27716 turns).

Kloppie the Merfolkian Porcupine (MfBe)            Turns: 27716, Time: 00:52:47

Health: -5/146     AC: 18    Str: 22    XL:     17   Next: 66%
Magic:  17/17      EV: 30    Int:  9    God:    Trog [******]
Gold:   852        SH:  0    Dex: 23    Spells: 0 memorised, 16 levels left

rFire  . . .     SeeInvis +     a - +10 glaive {speed, Str+3}
rCold  . . .     Gourm    .     y - +6 ring mail of Protective Custody {rElec rPois Dex+5 Stlth-}
rNeg   . . .     Faith    +     (shield currently unavailable)
rPois  +         Spirit   .     D - +0 helmet
rElec  +         Dismiss  .     e - +1 cloak
rCorr  +         Reflect  .     l - +1 pair of gloves
SustAt .         Harm     .     C - +1 pair of boots
MR     +++..     Clarity  +     K - amulet of faith
Stlth  ..........               J - ring of resist corrosion
                                u - ring of see invisible

@: regenerating, extremely resistant to hostile enchantments, extremely
unstealthy
A: change form in water, swift swim, clarity, clever 1, subdued magic 1
a: Berserk, Trog's Hand, Brothers in Arms, Burn Spellbooks, Renounce Religion
}: 1/15 runes: decaying


You were on level 2 of the Spider Nest.
You worshipped Trog.
Trog was exalted by your worship.
You were not hungry.

You visited 5 branches of the dungeon, and saw 27 of its levels.

You collected 2536 gold pieces.
You spent 1684 gold pieces at shops.

Inventory:

Hand Weapons
 a - the +10 glaive of Trog's Condemnation (weapon) {speed, Str+3}
   (Trog gifted it to you on level 2 of the Lair of Beasts)

   Attacks with this weapon are significantly faster.
   It affects your strength (+3).
 b - a +8 demon trident of draining
 k - a +2 halberd of chopping
 o - a +1 antimagic bardiche
 t - the +10 glaive "Umoeps" {chop, +Blink Str+2 Int+4}
   (Trog gifted it to you on level 8 of the Lair of Beasts)

   It inflicts extra damage upon your enemies.
   It affects your strength (+2).
   It affects your intelligence (+4).
   It lets you blink.
Armour
 e - a +1 cloak (worn)
 l - a +1 pair of gloves (worn)
 y - the +6 ring mail of Protective Custody (worn) {rElec rPois Dex+5 Stlth-}
   (You found it on level 6 of the Dungeon)

   It affects your dexterity (+5).
   It insulates you from electricity.
   It protects you from poison.
   It makes you less stealthy.
 C - a +1 pair of boots (worn)
 D - a +0 helmet (worn)
Jewellery
 n - an uncursed ring of flight
 u - a ring of see invisible (left hand)
 w - an uncursed ring of protection from cold
 x - an uncursed amulet of guardian spirit {unknown}
 H - an uncursed ring of fire
 J - a ring of resist corrosion (right hand)
 K - an amulet of faith (around neck)
 T - an uncursed ring of positive energy
Wands
 g - a wand of disintegration (10/24)
 i - a wand of digging (13/24)
Scrolls
 j - a scroll of silence
 q - 4 scrolls of magic mapping
 v - a scroll of holy word
 A - 4 scrolls of fog
 F - a scroll of fear
 L - 5 scrolls of blinking
 M - 7 scrolls of remove curse
 N - a scroll of summoning
 O - a scroll of brand weapon
 P - 3 scrolls of enchant weapon
 R - 3 scrolls of identify
Potions
 d - 4 potions of invisibility
 m - a potion of cancellation
 p - a potion of might
 s - 2 potions of cure mutation
 z - 5 potions of agility
 B - 4 potions of heal wounds
 G - a potion of brilliance
 I - 8 potions of curing
 Q - 3 potions of haste
 S - 2 potions of resistance
Books
 E - a Young Poisoner's Handbook

   Spells                             Type                      Level
   a - Sting                          Conjuration/Poison           1
   b - Cure Poison                    Poison                       2
   c - Mephitic Cloud                 Conjuration/Poison/Air       3
   d - Olgreb's Toxic Radiance        Poison                       4
   e - Venom Bolt                     Conjuration/Poison           5
   Trog disapproves of the use of such an item.
 U - a book of Flames

   Spells                             Type                      Level
   a - Flame Tongue                   Conjuration/Fire             1
   b - Throw Flame                    Conjuration/Fire             2
   c - Conjure Flame                  Conjuration/Fire             3
   d - Inner Flame                    Hexes/Fire                   3
   e - Sticky Flame                   Conjuration/Fire             4
   f - Fireball                       Conjuration/Fire             5
   Trog disapproves of the use of such an item.
Comestibles
 c - 19 bread rations
 f - 12 meat rations
 h - 5 beef jerkies
 r - 3 slices of pizza


   Skills:
 + Level 16.8 Fighting
 O Level 27 Polearms
 + Level 2.1 Armour
 + Level 19.3 Dodging


You had 16 spell levels left.
You didn't know any spells.

Dungeon Overview and Level Annotations

Branches:
Dungeon (11/15)            Temple (0/1) D:4            Lair (8/8) D:8
  Swamp (4/4) Lair:3       Spider (2/4) Lair:6        Slime (0/6) Lair:6
    Orc (2/2) D:11            Elf (0/3) Orc:2

Altars:
Dithmenos
Gozag
Kikubaaqudgha
Makhleb
Nemelex Xobeh
Okawaru
Pakellas
Qazlal
Vehumet
Yredelemnul
Zin
Beogh
Jiyva

Shops:
D:8 [   Orc:2 :![?

Portals:
Trove: D:10 (lose all piety)


Innate Abilities, Weirdness & Mutations

You revert to your normal form in water.
You are very nimble and swift while swimming.
You possess an exceptional clarity of mind.
Your mind is acute. (Int +2)
Your spells are a little easier to cast, but a little less powerful.


Message History

Trog accepts your kill.
Trog appreciates your killing of a magic user.
Your Armour skill increases to level 2!
The orb of destruction hits you!
* * * LOW HITPOINT WARNING * * *
Things that are here:
a staff of poison; the corpse of Arachne You feel sick.
You are no longer poisoned.
Your skin crawls.
You feel resistant to hostile enchantments.
You feel slightly more hungry.
Things that are here:
a staff of poison; the corpse of Arachne The orb spider spins a strand of pure energy.
The orb spider weaves a glowing orb of energy.
An orb of destruction comes into view.
The orb spider pulsates with a strange energy.
The orb of destruction hits you!
You die...

#.####≈.≈≈...#####..........<..
#.# ####..#.............#.....
##.# #...........^#.##s.#..^.
#..# #####...............§.^^.#
..####.#..#..##...#.#.[§....#...
...##...^............§.†..#!..#
............#.....#§§...........
..........#...#.#.§.#.......^...
.....#.#....#...@§......#...#...
.^....^..#.......#..............
^...............#........#.>#..
...#........................#..
.......#....#.........#/...%.
#.^...#.......#...........#..
##...#..........#............
#.....(..#..#..............
##^.<#..>..............


There were no monsters in sight!

Vanquished Creatures
  Arachne (Spider:2)
  Kirke (Lair:5)
  A thorn hunter (Swamp:1)
  Donald (Swamp:2)
  An orc warlord (Orc:2)
  5 dire elephants (Lair:8)
  A spark wasp (Spider:1)
  Snorg (Lair:4)
  Erolcha (D:11)
  Josephine (Lair:5)
  2 entropy weavers
  22 hydras
  A ghost crab (Swamp:3)
  17 alligators
  An anaconda (Lair:8)
  An ogre mage (Orc:2)
  An orc high priest (Orc:2)
  Nergalle (Orc:2)
  The ghost of Kloppie the Cleaver, a novice HOBe of Trog (D:6)
  A fire crab (Lair:5)
  A shambling mangrove (Swamp:1)
  4 spriggan druids
  10 swamp dragons
  2 hill giants (D:11)
  Pikel (D:7)
  4 orb spiders
  A griffon (Lair:3)
  A deep elf mage (D:10)
  6 orc sorcerers
  18 wolf spiders
  An oklob plant (Swamp:1)
  2 hornets
  2 moths of wrath
  28 elephants
  Maurice (D:8)
  7 black mambas
  21 spiny frogs
  A gargoyle (D:11)
  2 kobold demonologists (Swamp:3)
  2 torpor snails
  8 komodo dragons
  6 demonic crawlers
  4 rime drakes
  A tengu conjurer (D:10)
  15 jumping spiders
  8 trolls
  A polar bear (Lair:5)
  5 giant leeches
  3 two-headed ogres
  2 boulder beetles
  29 blink frogs
  3 bog bodies
  20 slime creatures
  2 shadows
  3 wraiths (Lair:5)
  7 spriggans
  A wyvern (D:11)
  26 redbacks
  38 yaks
  17 tarantellas
  3 hogs (Lair:5)
  A basilisk (Lair:2)
  12 hippogriffs
  A hungry ghost (D:7)
  2 wargs (Orc:2)
  11 insubstantial wisps
  7 vampire mosquitoes
  2 mottled dragons (D:11)
  16 swamp worms
  13 water moccasins
  12 porcupines
  19 orc warriors
  12 swamp drakes
  3 sky beasts
  An eye of draining (D:11)
  5 ice beasts
  8 wasps
  13 wolves
  6 centaurs
  11 ogres
  13 crocodiles
  A gnoll sergeant (D:5)
  19 giant frogs
  3 scorpions
  A wyvern skeleton (D:7)
  14 killer bees
  4 wights (D:9)
  3 howler monkeys
  An electric eel (Spider:1)
  4 crimson imps
  A quasit (D:11)
  4 hounds
  2 jellies
  5 centaur skeletons
  13 orc priests
  A giant frog skeleton (D:10)
  9 iguanas
  32 orc wizards
  Natasha (D:3)
  8 worker ants
  18 sheep
  A hound zombie (D:7)
  2 worker ant zombies (D:10)
  A howler monkey skeleton (D:10)
  12 gnolls
  8 adders
  87 river rats
  2 shadow imps (D:10)
  An ooze (D:3)
  5 worms
  3 dart slugs
  2 giant geckos
  100 orcs
  9 bats
  9 giant cockroaches
  6 goblins
  13 hobgoblins
  18 jackals
  12 kobolds
  8 quokkas
  5 ball pythons
  6 giant newts
  A quokka zombie (D:5)
  9 rats
  A briar patch (Swamp:1)
  2 plants (Lair:8)
1014 creatures vanquished.

Vanquished Creatures (collateral kills)
  the Lernaean hydra (Swamp:4)
  Aizul (Swamp:2)
  2 hydras (Swamp:4)
  An orb spider (Spider:1)
  3 orc sorcerers (Orc:2)
  3 elephants (Lair:2)
  A jumping spider (Spider:1)
  3 slime creatures (Swamp:2)
  3 redbacks (Spider:1)
  A tarantella (Spider:1)
  2 ogres (Orc:2)
  3 orc wizards (Orc:2)
  2 orcs (Orc:2)
26 creatures vanquished.

Vanquished Creatures (others)
  A quokka (D:7)
  A briar patch (Swamp:1)
  59 fungi
  21 plants
82 creatures vanquished.

Grand Total: 1122 creatures vanquished

Notes
Turn   | Place    | Note
--------------------------------------------------------------
     0 | D:1      | Kloppie the Merfolk Berserker began the quest for the Orb.
     0 | D:1      | Reached XP level 1. HP: 18/18 MP: 1/1
   147 | D:1      | Reached XP level 2. HP: 14/24 MP: 2/2
   389 | D:1      | Reached skill level 5 in Polearms
   481 | D:1      | Reached XP level 3. HP: 29/29 MP: 3/3
   530 | D:1      | Reached ** piety under Trog
  1546 | D:2      | Reached XP level 4. HP: 37/37 MP: 4/4
  1769 | D:2      | Found a burning altar of Makhleb.
  2028 | D:2      | Reached *** piety under Trog
  2283 | D:3      | Reached skill level 6 in Polearms
  2377 | D:3      | Reached XP level 5. HP: 42/42 MP: 5/5
  2421 | D:3      | Found an oddly glowing altar of Pakellas.
  2494 | D:3      | Noticed Natasha
  2524 | D:3      | Killed Natasha
  2627 | D:3      | Found a sparkling altar of Nemelex Xobeh.
  2884 | D:4      | Found a shadowy altar of Dithmenos.
  2947 | D:4      | Found a staircase to the Ecumenical Temple.
  3007 | D:4      | Found a glowing silver altar of Zin.
  3176 | D:4      | Reached skill level 7 in Polearms
  3189 | D:4      | Reached XP level 6. HP: 49/49 MP: 6/6
  3199 | D:4      | Reached skill level 5 in Dodging
  4066 | D:5      | Entered Level 5 of the Dungeon
  4164 | D:5      | Reached skill level 5 in Fighting
  4241 | D:5      | Reached skill level 8 in Polearms
  4245 | D:5      | Reached XP level 7. HP: 47/56 MP: 7/7
  4335 | D:5      | Reached **** piety under Trog
  4632 | D:5      | Reached skill level 9 in Polearms
  5126 | D:6      | Noticed Kloppie's ghost (novice HOBe)
  5151 | D:6      | Killed Kloppie's ghost
  5151 | D:6      | Reached skill level 11 in Polearms
  5151 | D:6      | Reached XP level 8. HP: 65/65 MP: 8/8
  5275 | D:6      | Found an iron altar of Okawaru.
  5277 | D:6      | Got a smelly ring mail
  5288 | D:6      | Identified the +6 ring mail of Protective Custody {rElec rPois Dex+5 Stlth-} (You found it on level 6 of the Dungeon)
  5732 | D:6      | Reached XP level 9. HP: 71/71 MP: 9/9
  5894 | D:7      | Reached skill level 12 in Polearms
  5903 | D:7      | Noticed Pikel
  5926 | D:7      | Killed Pikel
  6025 | D:7      | Found a stormy altar of Qazlal.
  6218 | D:8      | Noticed Maurice
  6221 | D:8      | Reached skill level 13 in Polearms
  6255 | D:8      | Killed Maurice
  6343 | D:8      | Reached XP level 10. HP: 80/80 MP: 10/10
  6520 | D:8      | Found Bynicym's Antique Armour Boutique.
  6538 | D:8      | Reached skill level 14 in Polearms
  6572 | D:8      | Bought an encrusted leather armour for 182 gold pieces
  6582 | D:8      | Identified the +1 leather armour of Theory {rPois rF- rC+} (You bought it in a shop on level 8 of the Dungeon)
  6670 | D:8      | Reached skill level 10 in Dodging
  6674 | D:8      | Found a staircase to the Lair.
  7372 | Lair:1   | Entered Level 1 of the Lair of Beasts
  7469 | Lair:1   | Gained mutation: Armour fits poorly on your strangely shaped body. [potion of mutation]
  7469 | Lair:1   | Gained mutation: You are covered in fur (AC +1). [potion of mutation]
  7469 | Lair:1   | Gained mutation: You have an increased reservoir of magic (+10% MP). [potion of mutation]
  7470 | Lair:1   | Lost mutation: Armour fits poorly on your strangely shaped body. [potion of cure mutation]
  7470 | Lair:1   | Lost mutation: You have an increased reservoir of magic (+10% MP). [potion of cure mutation]
  7470 | Lair:1   | Lost mutation: You are covered in fur (AC +1). [potion of cure mutation]
  7501 | Lair:1   | Noticed a black mamba
  7509 | Lair:1   | Killed a black mamba
  7746 | Lair:1   | Noticed a black mamba
  7763 | Lair:1   | Killed a black mamba
  7799 | Lair:1   | Reached skill level 15 in Polearms
  7819 | Lair:1   | Reached ***** piety under Trog
  8083 | Lair:1   | Noticed a black mamba
  8095 | Lair:1   | Killed a black mamba
  8142 | Lair:1   | Noticed a spiny frog
  8147 | Lair:1   | Killed a spiny frog
  8277 | Lair:2   | Noticed a spiny frog
  8286 | Lair:2   | Killed a spiny frog
  8329 | Lair:2   | Noticed an elephant
  8351 | Lair:2   | Killed an elephant
  8351 | Lair:2   | Reached XP level 11. HP: 84/90 MP: 11/11
  8382 | Lair:2   | Reached skill level 16 in Polearms
  8395 | Lair:2   | Reached skill level 10 in Fighting
  8956 | Lair:2   | Reached skill level 17 in Polearms
  9066 | Lair:2   | Received a gift from Trog
  9115 | Lair:2   | Got a smoking glaive {god gift}
  9159 | Lair:2   | Identified the +10 glaive of Trog's Condemnation {speed, Str+3} (Trog gifted it to you on level 2 of the Lair of Beasts)
  9227 | Lair:2   | Reached XP level 12. HP: 80/99 MP: 12/12
  9411 | Lair:2   | Reached skill level 18 in Polearms
  9625 | Lair:3   | Found a staircase to the Swamp.
  9963 | Lair:3   | Noticed an eight-headed hydra
  9982 | Lair:3   | Killed an eight-headed hydra
 10584 | Lair:4   | Reached skill level 19 in Polearms
 10650 | Lair:4   | Noticed Snorg
 10661 | Lair:4   | Killed Snorg
 11018 | Lair:4   | Noticed a six-headed hydra
 11034 | Lair:4   | Killed a 16-headed hydra
 11539 | Lair:4   | Reached XP level 13. HP: 108/108 MP: 13/13
 11810 | Lair:5   | Reached ****** piety under Trog
 11818 | Lair:5   | Noticed Josephine
 11834 | Lair:5   | Killed Josephine
 11834 | Lair:5   | Reached skill level 20 in Polearms
 11844 | Lair:5   | Received a gift from Trog
 12095 | Lair:5   | Noticed Kirke
 12128 | Lair:5   | Killed Kirke
 12707 | Lair:6   | Reached skill level 21 in Polearms
 13116 | Lair:6   | Found a viscous altar of Jiyva.
 13117 | Lair:6   | Found a staircase to the Slime Pits.
 13123 | Lair:6   | Found a hole to the Spider Nest.
 13149 | Lair:6   | Reached skill level 15 in Dodging
 13510 | Lair:7   | Received a gift from Trog
 13513 | Lair:7   | Reached XP level 14. HP: 118/118 MP: 14/14
 14784 | D:9      | Found a basalt altar of Yredelemnul.
 14784 | D:9      | Found an opulent altar of Gozag.
 15126 | D:9      | Found a radiant altar of Vehumet.
 15207 | D:10     | Entered Level 10 of the Dungeon
 15233 | D:10     | Reached skill level 22 in Polearms
 15440 | D:10     | Received a gift from Trog
 15650 | D:10     | Found a portal to a secret trove of treasure.
 16158 | D:11     | Found a staircase to the Orcish Mines.
 16184 | D:11     | Received a gift from Trog
 16443 | D:11     | Noticed Erolcha
 16443 | D:11     | Paralysed by Erolcha for 7 turns
 16453 | D:11     | Killed Erolcha
 16837 | Orc:1    | Entered Level 1 of the Orcish Mines
 16949 | Orc:1    | Found a roughly hewn altar of Beogh.
 16980 | Orc:1    | Received a gift from Trog
 17271 | Orc:2    | Entered Level 2 of the Orcish Mines
 17654 | Orc:2    | Received a gift from Trog
 17655 | Orc:2    | Found Qeever's Antique Armour Emporium.
 17700 | Orc:2    | Found Ifijiulu's Magic Scroll Shoppe.
 17725 | Orc:2    | Bought a scroll of identify for 22 gold pieces
 17725 | Orc:2    | Bought a scroll of identify for 22 gold pieces
 17754 | Orc:2    | Bought a dazzling ring mail for 288 gold pieces
 17764 | Orc:2    | Identified the cursed +1 ring mail "Vacs" {Stlth+} (You bought it in a shop on level 2 of the Orcish Mines)
 17789 | Orc:2    | Found a radiant altar of Vehumet.
 17802 | Orc:2    | Reached skill level 23 in Polearms
 17819 | Orc:2    | Noticed Nergalle
 17845 | Orc:2    | Killed Nergalle
 17860 | Orc:2    | Gained mutation: Your spells are a little easier to cast, but a little less powerful. [a neqoxec]
 17890 | Orc:2    | Found a roughly hewn altar of Beogh.
 17890 | Orc:2    | Found Qyssi's Book Shoppe.
 17894 | Orc:2    | Received a gift from Trog
 17923 | Orc:2    | Found Mekh's Distillery.
 17931 | Orc:2    | Bought a potion of heal wounds for 75 gold pieces
 17931 | Orc:2    | Bought a potion of curing for 45 gold pieces
 17931 | Orc:2    | Bought 2 potions of beneficial mutation for 1050 gold pieces
 17931 | Orc:2    | Gained mutation: You possess an exceptional clarity of mind. [potion of beneficial mutation]
 17932 | Orc:2    | Gained mutation: Your mind is acute. (Int +2) [potion of beneficial mutation]
 17942 | Orc:2    | Found an ancient bone altar of Kikubaaqudgha.
 17978 | Orc:2    | Noticed an orc warlord
 17992 | Orc:2    | Killed an orc warlord
 18213 | Orc:2    | Found a staircase to the Elven Halls.
 18223 | Orc:2    | Found a roughly hewn altar of Beogh.
 18490 | Orc:1    | Reached XP level 15. HP: 126/126 MP: 15/15
 18783 | Lair:8   | Entered Level 8 of the Lair of Beasts
 18801 | Lair:8   | Received a gift from Trog
 19276 | Lair:8   | Got a smoking leather armour
 19290 | Lair:8   | Identified the +2 leather armour of Starshine {Int+4 Dex+2} (You found it on level 8 of the Lair of Beasts)
 19315 | Lair:8   | Received a gift from Trog
 19317 | Lair:8   | Got a dazzling glaive {god gift}
 19326 | Lair:8   | Identified the +10 glaive "Umoeps" {chop, +Blink Str+2 Int+4} (Trog gifted it to you on level 8 of the Lair of Beasts)
 20074 | Lair:7   | Reached skill level 24 in Polearms
 20392 | Swamp:1  | Entered Level 1 of the Swamp
 20443 | Swamp:1  | Received a gift from Trog
 20784 | Swamp:1  | Noticed a thorn hunter
 20813 | Swamp:1  | Killed a thorn hunter
 21372 | Swamp:1  | Reached skill level 15 in Fighting
 22150 | Swamp:2  | Noticed Aizul
 22157 | Swamp:2  | Killed Aizul
 22177 | Swamp:2  | Reached XP level 16. HP: 113/136 MP: 16/16
 22387 | Swamp:2  | Noticed Donald
 22402 | Swamp:2  | Killed Donald
 22402 | Swamp:2  | Reached skill level 25 in Polearms
 22752 | Swamp:3  | Got a jewelled helmet
 22781 | Swamp:3  | Identified the +1 helmet "Adaogel" {*Confuse Dex+4} (You found it on level 3 of the Swamp)
 23033 | Swamp:3  | Found a glowing silver altar of Zin.
 23696 | Swamp:4  | Entered Level 4 of the Swamp
 23728 | Swamp:3  | Received a gift from Trog
 24589 | Swamp:4  | Noticed the 27-headed Lernaean hydra
 24604 | Swamp:4  | Killed the 27-headed Lernaean hydra
 24604 | Swamp:4  | Reached skill level 26 in Polearms
 25016 | Swamp:4  | Reached XP level 17. HP: 130/144 MP: 17/17
 25274 | Swamp:4  | Got a decaying rune of Zot
 25586 | Spider:1 | Entered Level 1 of the Spider Nest
 25640 | Spider:1 | Received a gift from Trog
 26938 | Spider:2 | Received a gift from Trog
 27264 | Spider:1 | Reached skill level 27 in Polearms
 27685 | Spider:2 | Noticed Arachne
 27705 | Spider:2 | Killed Arachne
 27716 | Spider:2 | Blown up by an orb spider

Skill      XL: |  1  2  3  4  5  6  7  8  9 10 11 12 13 14 15 16 17 |
---------------+----------------------------------------------------+-----
Dodging        | 3 4 5 7 8 9 11 12 13 15 16 17 18 19 | 19.3
Polearms       | 5 6 7 8 11 13 15 17 19 21 23 24 26 27 | 27.0
Fighting       | 4 5 6 8 9 10 12 13 14 15 16 | 16.8
Armour         | 2 |  2.1

Action                   |  1- 3 |  4- 6 |  7- 9 | 10-12 | 13-15 | 16-18 || total
-------------------------+-------+-------+-------+-------+-------+-------++-------
Melee: Spear             |   165 |   275 |   285 |    19 |    63 |       ||   807
       Halberd           |       |       |       |   427 |       |       ||   427
       Glaive            |       |       |       |   258 |  1277 |   674 ||  2209
       Tailslap          |       |       |       |     1 |    18 |    35 ||    54
       Demon trident     |       |       |       |       |    92 |   141 ||   233
Invok: Berserk           |     3 |     3 |     3 |     2 |     7 |     2 ||    20
       Trog's Hand       |       |     2 |     1 |       |     5 |     6 ||    14
       Brothers in Arms  |       |       |     1 |     1 |     3 |     2 ||     7
  Use: Scroll            |       |     8 |     5 |    10 |    10 |     4 ||    37
       Potion            |       |       |       |     2 |     2 |     1 ||     5
 Stab: Distracted        |       |       |       |       |     1 |     1 ||     2
       Confused          |       |       |       |       |       |     3 ||     3
  Eat: Chunk             |     5 |    11 |    10 |    19 |    35 |     8 ||    88
       Beef jerky        |       |       |     1 |       |       |       ||     1
       Royal jelly       |       |       |       |       |     1 |       ||     1
       Meat ration       |       |       |       |       |     1 |     2 ||     3
       Pizza             |       |       |       |       |       |     2 ||     2
Armor: Animal skin       |    29 |       |       |       |       |       ||    29
       Ring mail         |       |    50 |    39 |   128 |   171 |   149 ||   537
Dodge: Dodged            |    92 |   115 |   119 |   536 |   710 |   817 ||  2389
